 Dungeon Crawl Stone Soup version 0.27-a0-409-gd57800a693 (webtiles) character file.

Game seed: 7265062053118057002

22 CryoSword the Chopper (level 2, 3/20 HPs)
             Began as a Gnoll Wanderer on Feb 23, 2021.
             Quit the game on level 2 of the Dungeon.
             The game lasted 00:01:13 (777 turns).

CryoSword the Chopper (Gnoll Wanderer)               Turns: 777, Time: 00:01:14

Health: 3/20       AC:  5    Str:  9    XL:     2   Next: 91%
Magic:  5/5        EV:  9    Int: 11    God:
Gold:   52         SH:  0    Dex: 13    Spells: 5/6 levels left

rFire    . . .     SeeInvis .   e - +0 hand axe
rCold    . . .     Faith    .   (no shield)
rNeg     . . .     Spirit   .   c - +0 ring mail
rPois    .         Reflect  .   (no helmet)
rElec    .         Harm     .   (no cloak)
rCorr    .         Rampage  .   (no gloves)
Will     .....                  (no boots)
Stlth    +.........             (no amulet)
HPRegen  0.06/turn              (no ring)
MPRegen  0.09/turn              (no ring)

@: lethally poisoned (3 -> 0), about to teleport
A: distributed training, fangs 1, strong nose
a: no special abilities


You were on level 2 of the Dungeon.
You visited 1 branch of the dungeon, and saw 2 of its levels.

You collected 52 gold pieces.

Inventory:

Hand Weapons
 e - a +0 hand axe (weapon)
   (You found it on level 1 of the Dungeon)
Missiles
 f - 17 poisoned darts
Armour
 c - a +0 ring mail (worn)
Scrolls
 a - a scroll of enchant armour {unknown}
 d - a scroll of amnesia {unknown}
 g - a scroll of identify {unknown}
 h - a scroll of teleportation {@r4}


   Skills:
 + Level 0.5 Fighting
 + Level 0.5 Short Blades
 + Level 0.5 Long Blades
 + Level 4.5 Axes
 + Level 0.5 Maces & Flails
 + Level 0.5 Polearms
 + Level 0.5 Staves
 + Level 0.5 Slings
 + Level 0.5 Bows
 + Level 0.5 Crossbows
 + Level 2.5 Throwing
 + Level 2.5 Armour
 + Level 0.5 Dodging
 + Level 2.3 Stealth
 + Level 0.5 Shields
 + Level 0.5 Unarmed Combat
 + Level 2.7 Spellcasting
 + Level 0.4 Conjurations
 + Level 0.4 Hexes
 + Level 0.4 Summonings
 + Level 0.4 Necromancy
 + Level 3.7 Translocations
 + Level 0.4 Transmutations
 + Level 0.4 Fire Magic
 + Level 3.7 Ice Magic
 + Level 0.4 Air Magic
 + Level 0.4 Earth Magic
 + Level 0.4 Poison Magic
 + Level 0.7 Invocations
 + Level 0.5 Evocations


You had 5 spell levels left.
You knew the following spells:

 Your Spells              Type           Power        Failure   Level
a - Apportation           Tloc           18%          16%         1

Your spell library contained the following spells:

 Spells                   Type           Power        Failure   Level
 Teleport Other           Tloc           9%           43%         3


Dungeon Overview and Level Annotations

Branches:
Dungeon (2/15)

Altars:


Innate Abilities, Weirdness & Mutations

Your experience applies equally to all skills.
You have very sharp teeth.
Your uncanny sense of smell can sniff out nearby items.


Message History

You hit the giant cockroach but do no damage.
The giant cockroach bites you but does no damage.
You closely miss the giant cockroach.
You bite the giant cockroach, but do no damage.
The bat hits you but does no damage. The giant cockroach closely misses you.
You miss the bat. You hit the giant cockroach.
The bat hits you but does no damage. x2
The giant cockroach bites you but does no damage.
The giant cockroach misses you.
You hit the giant cockroach. The bat closely misses you.
The giant cockroach bites you.
You closely miss the giant cockroach. You hit the bat.
The bat barely misses you. The giant cockroach barely misses you.
You hit the giant cockroach.
You kill the giant cockroach!
The bat hits you but does no damage.
You have reached level 2!
The bat barely misses you. The bat closely misses you.
You hit the bat but do no damage. Your bite misses the bat.
The bat hits you but does no damage.
You hit the bat but do no damage. Your bite misses the bat. The bat misses you.
The bat hits you but does no damage. The bat barely misses you.
The bat barely misses you.
You hit the bat.
You kill the bat!
No target in view!
No target in view!
No target in view!
No target in view!
No target in view!
No target in view!
No target in view!
No target in view!
No target in view!
No target in view!
No target in view!
No target in view!
Could not explore, unopened door.
Could not explore, unopened door.
You open the door.
There is an open door here.
You see here a bat corpse.
A bat comes into view.
The bat moves out of view.
A hobgoblin comes into view. It is wielding a +0 club.
A hobgoblin is nearby!
The hobgoblin shouts!
A rat comes into view.
A giant cockroach comes into view.
You hit the hobgoblin. The hobgoblin hits you with a +0 club.
You hit the hobgoblin.
You kill the hobgoblin!
You barely miss the bat. The bat hits you but does no damage.
You miss the bat. The bat barely misses you.
The giant cockroach bites you but does no damage.
You closely miss the giant cockroach. Your bite misses the giant cockroach.
Your ring mail prevents you from hitting the bat.
The bat hits you but does no damage. The giant cockroach closely misses you.
You hit the giant cockroach. You hit the rat.
You kill the rat!
You miss the bat. The bat barely misses you.
The giant cockroach bites you but does no damage.
You barely miss the giant cockroach. The bat hits you but does no damage.
The giant cockroach bites you but does no damage.
The bat barely misses you.
You hit the giant cockroach. You barely miss the bat.
The bat barely misses you. The giant cockroach bites you. The bat misses you.
The giant cockroach barely misses you.
You closely miss the giant cockroach. You closely miss the bat.
The bat barely misses you. The bat hits you but does no damage.
The giant cockroach bites you.
You hit the giant cockroach.
You kill the giant cockroach!
The bat hits you but does no damage. The bat hits you but does no damage.
You hit the bat. The bat barely misses you.
You hit the bat.
You kill the bat!
No target in view!
No target in view!
No target in view!
No target in view!
No target in view!
No target in view!
No target in view!
No target in view!
A goblin comes into view.
A goblin is nearby!
A goblin is nearby!
A goblin is nearby!
The goblin shouts!
You hear an angry hiss.
An adder comes into view.
A rat comes into view.
You closely miss the goblin. The goblin misses you.
You closely miss the goblin. The goblin hits you.
You barely miss the goblin. The goblin barely misses you.
You hit the goblin.
You kill the goblin!
The rat twitches its whiskers.
You hit the adder. Your bite misses the adder.
The adder bites you but does no damage. The adder misses you.
You closely miss the adder. The adder barely misses you.
You hit the adder. You bite the adder, but do no damage. The adder bites you.
The adder closely misses you.
You barely miss the adder. The adder bites you.
You are poisoned.
The adder poisons you!
You feel sick.
You hit the adder but do no damage.
You feel sick. The adder bites you.
* * * LOW HITPOINT WARNING * * *
The adder bites you but does no damage.
You miss the adder. The adder closely misses you.
Unknown command.
You aren't carrying any potions.
Unknown command.
Okay, then.
As you read the scroll of fear, it crumbles to dust.
You assume a fearsome visage.
The adder looks frightened!
The rat looks frightened!
Cornered, the adder turns to fight!
Unknown command.
You hit the adder.
You feel sick.
The adder bites you but does no damage. x2
You miss the adder. The adder closely misses you.
You barely miss the adder. The adder bites you but does no damage.
You barely miss the adder. The adder bites you but does no damage.
The adder barely misses you.
You closely miss the adder.
You feel sick. The adder bites you.
* * * LOW HITPOINT WARNING * * *
You are lethally poisoned!
The adder poisons you!
You hit the adder.
You kill the adder!
* * * LOW HITPOINT WARNING * * *
You feel sick.
You see here an adder corpse.
You see here a scroll labelled JOHUSCH WIOQEANK.
* * * LOW HITPOINT WARNING * * *
You feel sick.
You see here a scroll labelled JOHUSCH WIOQEANK.
h - 2 scrolls labelled JOHUSCH WIOQEANK (gained 1)
As you read the scroll labelled JOHUSCH WIOQEANK, it crumbles to dust.
You feel strangely unstable.
It was a scroll of teleportation.
* * * LOW HITPOINT WARNING * * *
You feel sick.
Okay, then.
You aren't carrying any potions.
Unknown command.
There is a lethal amount of poison in your body!
Unknown command.

... .. .....## ...
..#####.....# #.########
............# #.#.......
............# #.#.######
............# #.#'#.....
........... #......(##
#.......#######.........
#......@.†....#.......†.
#############.#..†....##
#.)...........'<
#.......##......##
##.######......... ..
###.#####. ## .... .
#.#.## #.#..


There were no monsters in sight!

Vanquished Creatures
  An adder (D:2)
  2 bats (D:2)
  2 giant cockroaches (D:2)
  2 goblins
  2 hobgoblins
  2 frilled lizards (D:1)
  A kobold (D:1)
  2 rats (D:2)
14 creatures vanquished.

Notes
Turn   | Place    | Note
-------+----------+-------------------------------------------
     0 | D:1      | CryoSword the Gnoll Wanderer began the quest for the Orb.
     0 | D:1      | CryoSword set off with the following items: a +2 dagger, a
                  | scroll of fear, a +0 ring mail; and the following spell
                  | memorised: Apportation; and the following spells available
                  | to memorise: Teleport Other
     0 | D:1      | Reached XP level 1. HP: 13/13 MP: 4/4
   545 | D:2      | Reached XP level 2. HP: 17/19 MP: 5/5
   777 | D:2      | Quit the game

Illustrated notes

Levels and vault maps discovered:
D:1:      minmay_arrival_stone_box, layout_rooms
D:2:      layout_basic, nicolae_ru_sacrificial_ziggurat, chequers_mini_garden,
          interstate_on_off, minmay_bisected, uniq_terence

Action                   || total
-------------------------++-------
Melee: Hand axe          ||    49
       Dagger            ||     6
       Bite              ||     4
  Use: Scroll            ||     2
Armor: Ring mail         ||    29
Dodge: Dodged            ||    39

Table legend: (Time is in decaauts)
 A = Elapsed time spent in this place.
 B = Non-inter-level travel time spent in this place.
 C = Inter-level travel time spent in this place.
 D = Time resting spent in this place.
 E = Time spent auto-exploring this place.
 F = Levels seen in this place.
 G = Mean time per level.
                   A        B        C        D        E       F      G
               +--------+--------+--------+--------+--------+-----+--------+
         Total |    780 |    764 |     16 |    105 |    532 |   2 |  390.0 |
       Dungeon |    780 |    764 |     16 |    105 |    532 |   2 |  390.0 |
               +--------+--------+--------+--------+--------+-----+--------+

Top non-repeatable levels by time:
     D:1: 530 daAuts
     D:2: 249 daAuts
